 Dungeon Crawl Stone Soup version 0.30-a0-304-gdc4b735fe1 (console) character file.

Game seed: 10677020301961728567

88646 Ignak the Thaumaturge (level 15, -4/100 (117) HPs)
             Began as a Gnoll Hedge Wizard on Oct 20, 2022.
             Was a High Priest of Sif Muna.
             Killed from afar by a tengu reaver (14 damage)
             ... with a bolt of negative energy
             ... on level 13 of the Dungeon.
             The game lasted 01:24:27 (22269 turns).

Ignak the Thaumaturge (Gnoll Hedge Wizard)         Turns: 22269, Time: 01:24:28

HP:   -4/100 (117)  AC: 18    Str: 15    XL:     15   Next: 94%
MP:   23/28         EV: 20    Int: 20    God:    Sif Muna [*****.]
Gold: 1053          SH:  8    Dex: 25    Spells: 3/39 levels left

rFire   + + .      SeeInvis +    a - +8 long sword {speed, rF+ rC+ Dex+2}
rCold   + . .      Faith    .    n - +0 buckler
rNeg    . . .      Spirit   .    T - +1 ring mail of the Vacuum {Regen+ Str+2 Stlth+}
rPois   +          Reflect  .    M - +2 hat
rElec   .          Harm     .    H - +2 cloak {Stlth+}
rCorr   .          Rampage  .    m - +2 pair of gloves {Dex+3}
Will    +....      Rage     3%   N - +0 pair of boots
Stlth   +++++++...               l - amulet "Isoxial" {Fragile Regen+ Str+3 Dex+2}
HPRegen 1.96/turn                r - ring of protection from fire
MPRegen 0.21/turn                v - +6 ring of dexterity

@: wereblooded, studying Transmutations, heavily drained
A: fangs 1, strong nose, distributed training, horns 1, see invisible, berserk
1, low MP 1, poison resistance
a: Renounce Religion, Channel Magic, Forget Spell, Divine Exegesis


You were on level 13 of the Dungeon.
You worshipped Sif Muna.
Sif Muna was extremely pleased with you.
You visited 4 branches of the dungeon, and saw 21 of its levels.
You also visited: Sewer, Bailey and Gauntlet.

You collected 3459 gold pieces.
You spent 2406 gold pieces at shops.

Inventory:

Hand Weapons
 a - the +8 long sword "Adoxkyt" (weapon) {speed, rF+ rC+ Dex+2}
   (You bought it in a shop on level 2 of the Orcish Mines)

   Attacks with this weapon are significantly faster.
   Dex:       It affects your dexterity (+2).
   rF:        It protects you from fire.
   rC:        It protects you from cold.
 b - a +6 rapier of holy wrath
Missiles
 h - 47 poisoned darts (quivered)
Armour
 c - +0 acid dragon scales
 m - a +2 pair of gloves of dexterity (worn)
 n - a +0 buckler (worn)
 s - the +4 ring mail of Distant Worlds {rC+}
   (You found it on level 3 of the Dungeon)

   rC:        It protects you from cold.
 w - a +0 troll leather armour {Pargi}
 H - a +2 cloak of stealth (worn)
 M - a +2 hat (worn)
 N - a +0 pair of boots (worn)
 O - the +2 helmet of Weirdness {Str+5}
   (You found it in a Gauntlet)

   Str:       It affects your strength (+5).
 P - the -2 hat "Fasm" {rN++ rCorr Slay+2}
   (You found it in a Gauntlet)

   Slay:      It affects your accuracy & damage with ranged weapons and melee
   (+2).
   rN:        It greatly protects you from negative energy.
   rCorr:     It protects you from acid and corrosion.
 T - the +1 ring mail of the Vacuum (worn) {Regen+ Str+2 Stlth+}
   (You found it in a Gauntlet)

   Str:       It affects your strength (+2).
   Regen:     It increases your rate of health regeneration.
   Stlth:     It makes you more stealthy.
Jewellery
 f - a ring of fire
 l - the amulet "Isoxial" (around neck) {Fragile Regen+ Str+3 Dex+2}
   (You acquired it on level 5 of the Dungeon)

   [amulet of regeneration]

   Str:       It affects your strength (+3).
   Dex:       It affects your dexterity (+2).
   Regen:     It increases your rate of health regeneration.
   Fragile:   It will be destroyed if unequipped.
 r - a ring of protection from fire (left hand)
 v - a +6 ring of dexterity (right hand)
 W - a ring of protection from cold
 X - the amulet "Qidauwav" {Acrobat rF+}
   (You found it on level 5 of the Lair of Beasts)

   [amulet of the acrobat]

   It increases your evasion while moving and waiting.
   rF:        It protects you from fire.
Wands
 D - a wand of mindburst (6)
 E - a wand of roots (8)
 G - a wand of polymorph (5)
 L - a wand of paralysis (9)
Scrolls
 k - 7 scrolls of teleportation
 o - 3 scrolls of fog
 t - 3 scrolls of poison
 u - a scroll of silence
 y - 3 scrolls of magic mapping
 I - 5 scrolls of blinking
 K - 2 scrolls of enchant armour
 Q - 2 scrolls of fear
 U - 2 scrolls of amnesia
 Y - 5 scrolls of identify
Potions
 d - 5 potions of magic
 e - a potion of cancellation
 g - 4 potions of brilliance
 i - 2 potions of might
 q - 2 potions of haste
 x - 2 potions of flight
 z - 3 potions of heal wounds
 A - 6 potions of lignification
 C - 2 potions of resistance
 J - 2 potions of curing
Miscellaneous
 R - a lightning rod (3/4)
 S - a condenser vane (inert)
 V - a phial of floods (inert)


   Skills:
 + Level 10.8 Fighting
 + Level 10.8 Short Blades
 + Level 10.8 Long Blades
 + Level 10.8 Axes
 + Level 10.8 Maces & Flails
 + Level 10.8 Polearms
 + Level 10.8 Staves
 + Level 10.8 Ranged Weapons
 + Level 10.8 Throwing
 + Level 10.8 Armour
 + Level 11.7 Dodging
 + Level 11.6 Stealth
 + Level 10.8 Shields
 + Level 10.8 Unarmed Combat
 + Level 12.9 Spellcasting
 + Level 9.4 Conjurations
 + Level 9.1 Hexes
 + Level 9.4 Summonings
 + Level 9.1 Necromancy
 + Level 9.4 Translocations
 + Level 10.3 Transmutations
 + Level 9.1 Fire Magic
 + Level 9.1 Ice Magic
 + Level 9.1 Air Magic
 + Level 9.1 Earth Magic
 + Level 9.1 Poison Magic
 + Level 11.8 Invocations
 + Level 10.8 Evocations


You had 3 spell levels left.
You knew the following spells:

 Your Spells              Type           Power      Damage    Failure   Level
a - Confusing Touch       Hex            49%        N/A       1%          3
b - Blink                 Tloc           100%       N/A       1%          2
c - Frozen Ramparts       Ice            98%        1d15      1%          3
d - Mephitic Cloud        Conj/Pois/Air  49%        N/A       1%          3
e - Summon Lightning Spi  Summ/Air       50%        N/A       2%          4
f - Vampiric Draining     Necr           49%        2d9       1%          3
g - Anguish               Hex/Necr       24%        N/A       2%          4
h - Dispel Undead         Necr           49%        3d18      2%          4
q - Wereblood             Tmut           53%        N/A       1%          2
r - Sticky Flame          Conj/Fire      50%        2d7       2%          4
z - Olgreb's Toxic Radia  Pois           49%        N/A       2%          4

Your spell library contained the following spells:

 Spells                   Type           Power      Damage    Failure   Level
 Apportation              Tloc           100%       N/A       1%          1
 Beastly Appendage        Tmut           100%       N/A       1%          1
 Freeze                   Ice            100%       1d10      1%          1
 Magic Dart               Conj           100%       1d8       1%          1
 Necrotise                Necr           100%       1d9       1%          1
 Slow                     Hex            100%       N/A       1%          1
 Sting                    Tmut/Pois      100%       1d8       1%          1
 Summon Small Mammal      Summ           100%       N/A       1%          1
 Call Imp                 Summ           50%        N/A       1%          2
 Cigotuvi's Dreadful Rot  Necr/Pois/Air  98%        N/A       1%          2
 Momentum Strike          Conj/Tloc      100%       3d10      1%          2
 Dazzling Flash           Conj/Hex       100%       N/A       1%          3
 Hailstorm                Conj/Ice       50%        3d11      1%          3
 Inner Flame              Hex/Fire       49%        N/A       1%          3
 Lesser Beckoning         Tloc           100%       N/A       1%          3
 Ozocubu's Armour         Ice            49%        N/A       1%          3
 Spider Form              Tmut/Pois      51%        N/A       1%          3
 Summon Guardian Golem    Hex/Summ       50%        N/A       1%          3
 Ice Form                 Ice/Tmut       51%        N/A       1%          4
 Cause Fear               Hex            24%        N/A       2%          4
 Iskenderun's Mystic Bla  Conj/Tloc      50%        2d11      2%          4
 Blade Hands              Tmut           26%        N/A       4%          5
 Alistair's Intoxication  Tmut/Pois      34%        N/A       5%          5
 Yara's Violent Unravell  Hex/Tmut       25%        3d11      5%          5
 Arcjolt                  Conj/Air       25%        1d35      6%          5
 Lightning Bolt           Conj/Air       25%        1d41      6%          5
 Summon Forest            Summ/Tloc      25%        N/A       6%          5
 Eringya's Noxious Bog    Tmut/Pois      25%        N/A       30%         6
 Conjure Ball Lightning   Conj/Air       25%        3x3d7     34%         6
 Starburst                Conj/Fire      25%        6d8       34%         6
 Death Channel            Necr           24%        N/A       36%         6
 Summon Hydra             Summ           25%        N/A       88%         7
 Ozocubu's Refrigeration  Ice            24%        4d12      91%         7
 Discord                  Hex            24%        N/A       100%        8
 Polar Vortex             Ice            24%        N/A       100%        9


Dungeon Overview and Level Annotations

Branches:
Dungeon (13/15)            Temple (1/1) D:4            Lair (5/5) D:10
 Shoals (0/4) Lair:3       Spider (0/4) Lair:2        Slime (0/5) Lair:5
    Orc (2/2) D:10            Elf (0/3) Orc:2         Sewer (visited)
 Bailey (visited)         Gauntlet (visited)
 Vaults: D:13-14

Altars:
Ashenzari
Cheibriados
Dithmenos
Fedhas
Gozag
Hepliaklqana
Kikubaaqudgha
Makhleb
Nemelex Xobeh
Okawaru
Qazlal
Ru
Sif Muna
Trog
Uskayaw
Vehumet
Wu Jian
Xom
Yredelemnul
Zin
The Shining One
Jiyva
Lugonu

Shops:
D:2 :   Orc:2 ([(?

Portals:
Abyss: Lair:5

Annotations:
Temple 2 transporters


Innate Abilities, Weirdness & Mutations

You have very sharp teeth.
Your uncanny sense of smell can sniff out nearby items.
Your experience applies equally to all skills.
You have a pair of small horns on your head.
You have supernaturally acute eyesight. (SInv)
You sometimes lose your temper in combat.
Your magical capacity is low. (-10% MP)
Your system is resistant to poisons. (rPois)


Message History

The tengu reaver is lightly wounded.
The tengu reaver casts a spell at you. The bolt of negative energy hits you!!
You feel drained.
Press: ? - help, v - describe, . - travel
Here: a tengu reaver, wielding a +1 battleaxe of venom and wearing a +0 ring mail (lightly wounded)
The floor.
Unknown command.
Casting: Wereblood (safe; 1% risk of failure)
Confirm with . or Enter, or press ? or * to list all spells.
Aiming: Mephitic Cloud (safe; 1% risk of failure)
Press: ? - help, Shift-Dir - straight line, f/p - tengu reaver
Aim: a tengu reaver, wielding a +1 battleaxe of venom and wearing a +0 ring mail (lightly wounded, chance to affect: 20%)
Okay, then.
Unknown command.
Casting: Mephitic Cloud (safe; 1% risk of failure)
Confirm with . or Enter, or press ? or * to list all spells.
You blink.
Casting: Blink (safe; 1% risk of failure)
Confirm with . or Enter, or press ? or * to list all spells.
An electric hum fills the air.
The tengu reaver casts a spell at you. The bolt of negative energy hits you!!!
You feel drained.
* * * LOW HITPOINT WARNING * * *
The bolt of negative energy hits your lightning spire.
Your lightning spire completely resists.
The tengu reaver points at you and mumbles some strange words.
The bolt of poison hits your lightning spire.
Your lightning spire completely resists.
The bolt of poison hits you!
You are poisoned.
You resist.
* * * LOW HITPOINT WARNING * * *
Your lightning spire shoots out a bolt of lightning at the tengu reaver!
The bolt of electricity hits the tengu reaver!
You feel better.
The tengu reaver points at you and mumbles some strange words.
The bolt of negative energy hits your lightning spire.
Your lightning spire completely resists.
The bolt of negative energy hits you!
You feel drained.
You die...

#...........#
##..##
##>......######.###
## #......##
##...## #.
##Q...#####.....#
#. #..#####..#....#
#.
###.###..#.....##
#. #.....##......#
#. ##8..##.......#
## #@###........##
# #.###.........# #
##<##...^......# #
#..##..........# #
#.####.........# #
####.# ####......#
## #....#
##########. ##.).##
##.. ####.# ##...


You could see a tengu reaver (ally target) and a friendly lightning spire
(summoned).

Vanquished Creatures
  Kirke (D:12)
  Frances (D:12)
  The ghost of dziebel133 the Earth Mage, a journeyman DECj of Vehumet (D:12)
  2 minotaurs
  2 ettins
  4 hydras
  A boulder beetle (shapeshifter) (Lair:5)
  2 catoblepae (Lair:5)
  2 boulder beetles
  2 centaur warriors (D:13)
  2 two-headed ogres
  3 orc high priests (Orc:2)
  2 tengu warriors (D:13)
  22 death yaks
  3 thrashing horrors (Lair:5)
  Lodul (D:12)
  2 large abominations (Lair:5)
  A swamp dragon (shapeshifter) (Lair:5)
  3 orc sorcerers (Orc:2)
  3 ugly things
  4 cyclopes
  7 orc knights
  2 manticores (D:12)
  An elephant (shapeshifter) (Lair:5)
  A moth of wrath (Gauntlet)
  Maurice (D:9)
  2 black mambas
  A gargoyle (D:12)
  2 unseen horrors
  9 cane toads
  5 rime drakes
  A tengu conjurer (D:13)
  An ancient zyme (Lair:5)
  13 komodo dragons
  5 trolls
  2 polar bears
  4 slime creatures (D:13)
  38 blink frogs
  A snapping turtle (Lair:3)
  4 jumping spiders (Lair:2)
  A ynoxinul (Lair:5)
  A spriggan (Lair:5)
  4 culicivoras (Lair:2)
  8 flying skulls (Gauntlet)
  A shadow (D:13)
  4 wyverns
  45 yaks
  A vampire (D:9)
  2 humans (D:12)
  A wraith (D:10)
  5 hogs (D:12)
  9 basilisks
  3 chaos spawn
  Grum (D:10)
  3 redbacks (Gauntlet)
  A steam dragon (D:8)
  7 vampire mosquitoes
  A neqoxec (Gauntlet)
  6 wargs
  4 acid dragons
  10 water moccasins
  Pargi (Sewer)
  25 orc warriors
  2 black bears
  3 ice beasts
  15 ogres
  8 centaurs
  12 small abominations (Lair:5)
  21 wolves
  10 kobold brigands
  10 bullfrogs
  3 necrophages (D:5)
  3 scorpions
  A water moccasin zombie (D:5)
  14 wights
  4 killer bees (D:10)
  4 howler monkeys
  3 electric eels
  A bullfrog zombie (D:5)
  6 jellies
  14 orc priests
  2 gnoll boudas
  4 hounds
  4 iguanas
  34 orc wizards
  A scorpion zombie (D:5)
  10 hell rats
  A hound zombie (D:5)
  19 gnolls
  A river rat (D:10)
  6 adders
  A shadow imp (D:8)
  A white imp (D:5)
  An ufetubus (D:5)
  4 worms
  57 orcs
  9 ball pythons
  5 bat zombies (D:6)
  6 endoplasms
  4 giant cockroaches
  6 goblins
  9 hobgoblins
  6 jackals
  32 kobolds
  3 quokkas
  5 bats
  2 frilled lizards (Sewer)
  6 rats
  A bush (D:5)
682 creatures vanquished.

Vanquished Creatures (collateral kills)
  An ancient zyme (Lair:5)
  A flying skull (Gauntlet)
  A killer bee (D:10)
  5 adders
  6 gnolls
  A dart slug (D:2)
  5 orcs
  4 endoplasms
  2 giant cockroaches
  2 goblins (D:3)
  2 hobgoblins
  3 quokkas
  6 ball pythons
  A bat (D:1)
  2 frilled lizards (Sewer)
  A kobold (D:1)
43 creatures vanquished.

Vanquished Creatures (others)
  15 fungi
  43 plants
58 creatures vanquished.

Grand Total: 783 creatures vanquished

Notes
Turn   | Place    | Note
-------+----------+-------------------------------------------
     0 | D:1      | Ignak the Gnoll Hedge Wizard began the quest for the Orb.
     0 | D:1      | Reached XP level 1. HP: 13/13 MP: 8/8
   222 | D:1      | Reached XP level 2. HP: 2/19 MP: 1/10
   225 | D:1      | HP: 1/20 [bat (1)]
   309 | D:1      | Learned a level 2 spell: Blink
   312 | D:1      | Learned a level 2 spell: Call Imp
   363 | D:1      | Found a faded altar of an unknown god.
   468 | D:1      | Reached XP level 3. HP: 14/25 MP: 5/11
   473 | D:1      | Learned a level 3 spell: Mephitic Cloud
   804 | D:1      | Reached skill level 1 in Invocations
  1253 | D:2      | Reached skill level 1 in Fighting
  1253 | D:2      | Reached skill level 1 in Short Blades
  1253 | D:2      | Reached skill level 1 in Long Blades
  1253 | D:2      | Reached skill level 1 in Axes
  1253 | D:2      | Reached skill level 1 in Maces & Flails
  1253 | D:2      | Reached skill level 1 in Polearms
  1253 | D:2      | Reached skill level 1 in Staves
  1253 | D:2      | Reached skill level 1 in Ranged Weapons
  1253 | D:2      | Reached skill level 1 in Throwing
  1253 | D:2      | Reached skill level 1 in Armour
  1253 | D:2      | Reached skill level 1 in Shields
  1253 | D:2      | Reached skill level 1 in Unarmed Combat
  1253 | D:2      | Reached skill level 1 in Evocations
  1388 | D:2      | Found Zoruvein's Book Emporium.
  1572 | D:2      | Reached XP level 4. HP: 29/32 MP: 11/13
  2013 | D:2      | Reached skill level 1 in Hexes
  2013 | D:2      | Reached skill level 1 in Necromancy
  2013 | D:2      | Reached skill level 1 in Transmutations
  2013 | D:2      | Reached skill level 1 in Fire Magic
  2013 | D:2      | Reached skill level 1 in Ice Magic
  2013 | D:2      | Reached skill level 1 in Air Magic
  2013 | D:2      | Reached skill level 1 in Earth Magic
  2013 | D:2      | Reached skill level 1 in Poison Magic
  2403 | D:3      | Reached XP level 5. HP: 37/37 MP: 11/14
  2422 | D:3      | Identified the +4 ring mail of Distant Worlds {rC+}
  2521 | D:3      | HP: 1/37 [orc priest/divine providence (13)]
  3001 | D:3      | Found an ornate altar of the Wu Jian Council.
  3278 | D:3      | Identified a scroll of acquirement
  3337 | D:4      | Acquired a +4 morningstar of protection
  3364 | D:4      | Found a glowing drain.
  3420 | Sewer    | Entered a sewer
  3548 | Sewer    | Noticed Pargi
  3567 | Sewer    | Killed Pargi
  3568 | Sewer    | Reached skill level 5 in Dodging
  3568 | Sewer    | Reached XP level 6. HP: 40/44 MP: 13/16
  3789 | D:4      | Noticed a black bear
  3799 | D:4      | Killed a black bear
  3800 | D:4      | Reached XP level 7. HP: 51/51 MP: 18/18
  3843 | D:4      | Found a glowing silver altar of Zin.
  3869 | D:4      | Found a staircase to the Ecumenical Temple.
  3883 | Temple   | Entered the Ecumenical Temple
  3883 | Temple   | Found a transporter.
  3883 | Temple   | Found a transporter.
  3885 | Temple   | Found a transporter.
  3885 | Temple   | Found a transporter.
  3913 | Temple   | Became a worshipper of Sif Muna the Loreminder
  4056 | D:4      | Found a shimmering altar of Xom.
  4076 | D:4      | Learned a level 2 spell: Wereblood
  4190 | D:5      | Entered Level 5 of the Dungeon
  4274 | D:5      | Learned a level 3 spell: Confusing Touch
  4278 | D:5      | Learned a level 3 spell: Vampiric Draining
  4323 | D:4      | Reached skill level 5 in Stealth
  4361 | D:5      | Acquired a +1 pair of gloves of dexterity
  4379 | D:5      | Acquired the amulet "Isoxial" {Fragile Regen+ Str+3 Dex+2}
  4422 | D:5      | Found a hide-covered altar of Uskayaw.
  4569 | D:5      | Reached * piety under Sif Muna
  4614 | D:5      | Identified the +7 sling of the Gloaming {flame, Will+}
  4627 | D:5      | Reached XP level 8. HP: 58/58 MP: 16/19
  4839 | D:5      | Found a blossoming altar of Fedhas.
  4941 | D:5      | Reached skill level 8 in Spellcasting
  5518 | D:6      | Found an ancient bone altar of Kikubaaqudgha.
  5703 | D:6      | Reached XP level 9. HP: 65/65 MP: 21/21
  5789 | D:6      | Reached ** piety under Sif Muna
  6405 | D:7      | Reached skill level 5 in Invocations
  6413 | D:7      | Noticed a cyclops
  6427 | D:7      | Killed a cyclops
  6842 | D:8      | Found a flagged portal.
  6856 | Bailey   | Entered a bailey
  6888 | Bailey   | Reached skill level 5 in Fighting
  6888 | Bailey   | Reached skill level 5 in Short Blades
  6888 | Bailey   | Reached skill level 5 in Long Blades
  6888 | Bailey   | Reached skill level 5 in Axes
  6888 | Bailey   | Reached skill level 5 in Maces & Flails
  6888 | Bailey   | Reached skill level 5 in Polearms
  6888 | Bailey   | Reached skill level 5 in Staves
  6888 | Bailey   | Reached skill level 5 in Ranged Weapons
  6888 | Bailey   | Reached skill level 5 in Throwing
  6888 | Bailey   | Reached skill level 5 in Armour
  6888 | Bailey   | Reached skill level 5 in Shields
  6888 | Bailey   | Reached skill level 5 in Unarmed Combat
  6888 | Bailey   | Reached skill level 5 in Evocations
  6888 | Bailey   | Reached XP level 10. HP: 74/74 MP: 22/22
  6945 | Bailey   | Found a bloodstained altar of Trog.
  6971 | Bailey   | Reached *** piety under Sif Muna
  6991 | Bailey   | Reached skill level 9 in Spellcasting
  7222 | D:8      | Reached skill level 5 in Conjurations
  7222 | D:8      | Reached skill level 5 in Summonings
  7222 | D:8      | Reached skill level 5 in Translocations
  7389 | D:8      | Found a hazy altar of Hepliaklqana.
  7410 | D:8      | Noticed a moth of wrath
  7413 | D:8      | Found a bloodstained altar of Trog.
  7766 | D:8      | Found a sacrificial altar of Ru.
  8022 | D:9      | Reached **** piety under Sif Muna
  8035 | D:9      | Gained mutation: You are vulnerable to cold. (rC-) [potion
                  | of mutation]
  8035 | D:9      | Gained mutation: Your muscles are strong. (Str +4, Int/Dex
                  | -1) [potion of mutation]
  8035 | D:9      | Gained mutation: You are somewhat resistant to further
                  | mutation. [potion of mutation]
  8036 | D:9      | Lost mutation: You are somewhat resistant to further
                  | mutation. [potion of mutation]
  8036 | D:9      | Lost mutation: Your muscles are strong. (Str +4, Int/Dex
                  | -1) [potion of mutation]
  8036 | D:9      | Lost mutation: You are vulnerable to cold. (rC-) [potion of
                  | mutation]
  8036 | D:9      | Gained mutation: You have a pair of small horns on your
                  | head. [potion of mutation]
  8036 | D:9      | Gained mutation: Your magical capacity is low. (-10% MP)
                  | [potion of mutation]
  8036 | D:9      | Gained mutation: You have hidden genetic potential. [potion
                  | of mutation]
  8279 | D:9      | Noticed Maurice
  8308 | D:9      | Killed Maurice
  8360 | D:9      | Learned a level 3 spell: Frozen Ramparts
  8782 | D:10     | Entered Level 10 of the Dungeon
  8847 | D:10     | Noticed a death yak
  8850 | D:10     | Noticed a death yak
  8850 | D:10     | Noticed a death yak
  9021 | D:10     | Killed a death yak
  9022 | D:10     | Reached skill level 5 in Hexes
  9022 | D:10     | Reached skill level 5 in Necromancy
  9022 | D:10     | Reached skill level 5 in Transmutations
  9022 | D:10     | Reached skill level 5 in Fire Magic
  9022 | D:10     | Reached skill level 5 in Ice Magic
  9022 | D:10     | Reached skill level 5 in Air Magic
  9022 | D:10     | Reached skill level 5 in Earth Magic
  9022 | D:10     | Reached skill level 5 in Poison Magic
  9278 | D:10     | Reached XP level 11. HP: 81/81 MP: 13/22
  9285 | D:10     | Killed a death yak
  9293 | D:10     | Killed a death yak
  9376 | D:10     | Noticed Grum
  9391 | D:10     | Killed Grum
  9427 | D:10     | Gained mutation: Your system is resistant to poisons.
                  | (rPois) [hidden potential]
  9530 | D:10     | Found a staircase to the Orcish Mines.
  9605 | D:10     | Found a staircase to the Lair.
 10275 | Orc:1    | Entered Level 1 of the Orcish Mines
 10275 | Orc:1    | Noticed an ettin
 10473 | D:2      | Bought the Volume of Baneful Combat Magic for 468 gold
                  | pieces
 10478 | D:2      | Learned a level 4 spell: Olgreb's Toxic Radiance
 10675 | Orc:1    | Reached ***** piety under Sif Muna
 10683 | Orc:1    | Killed an ettin
 10810 | Orc:1    | Noticed an orc knight
 10837 | Orc:1    | Killed an orc knight
 10980 | Orc:1    | Noticed an orc knight
 10993 | Orc:1    | Reached skill level 10 in Spellcasting
 11000 | Orc:1    | Killed an orc knight
 11324 | Orc:1    | Noticed a two-headed ogre
 11343 | Orc:1    | Killed a two-headed ogre
 11347 | Orc:1    | Reached XP level 12. HP: 91/91 MP: 8/23
 11662 | Orc:2    | Entered Level 2 of the Orcish Mines
 11800 | Orc:2    | Noticed an ettin
 11819 | Orc:2    | Killed an ettin
 12061 | Orc:2    | Noticed an orc high priest
 12092 | Orc:2    | Killed an orc high priest
 12092 | Orc:2    | Gained mutation: You have supernaturally acute eyesight.
                  | (SInv) [hidden potential]
 12092 | Orc:2    | Lost mutation: You have hidden genetic potential. [hidden
                  | potential expressed]
 12112 | Orc:2    | Received a gift from Sif Muna
 12129 | Orc:2    | Got Sif Muna's Codex of the Hiemal Oath {god gift}
 12148 | Orc:2    | Noticed an orc high priest
 12164 | Orc:2    | Killed an orc high priest
 12184 | Orc:2    | Noticed an orc high priest
 12196 | Orc:2    | Killed an orc high priest
 12204 | Orc:2    | Found Gaulogy's Antique Weapon Shop.
 12204 | Orc:2    | Found Xaodaax's Magic Scroll Shoppe.
 12207 | Orc:2    | Noticed a soul eater
 12211 | Orc:2    | Found Holuor Xery's Weapon Shop.
 12211 | Orc:2    | Found Guakhivo's Armour Shoppe.
 12231 | Orc:2    | Bought a crystal long sword for 297 gold pieces
 12231 | Orc:2    | Identified the +8 long sword "Adoxkyt" {speed, rF+ rC+
                  | Dex+2} (You bought it in a shop on level 2 of the Orcish
                  | Mines)
 12239 | Orc:2    | Bought a +2 cloak of stealth for 365 gold pieces
 12663 | Orc:2    | Found a staircase to the Elven Halls.
 12815 | Orc:2    | Bought a scroll of acquirement for 780 gold pieces
 12815 | Orc:2    | Bought a scroll of blinking for 112 gold pieces
 12816 | Orc:2    | Acquired 641 gold pieces
 12821 | Orc:2    | Bought a scroll of blinking for 112 gold pieces
 12916 | Lair:1   | Entered Level 1 of the Lair of Beasts
 13058 | Lair:1   | Noticed a death yak
 13059 | Lair:1   | Noticed a death yak
 13059 | Lair:1   | Noticed a death yak
 13060 | Lair:1   | Noticed a death yak
 13060 | Lair:1   | Noticed a death yak
 13077 | Lair:1   | Killed a death yak
 13080 | Lair:1   | Killed a death yak
 13083 | Lair:1   | Killed a death yak
 13084 | Lair:1   | Reached XP level 13. HP: 98/98 MP: 3/25
 13253 | Lair:1   | Reached skill level 11 in Spellcasting
 13555 | Lair:1   | You fall into a shaft and drop 1 floor!
 13903 | Lair:2   | Reached skill level 10 in Dodging
 14366 | Lair:2   | Found a hole to the Spider Nest.
 14558 | Orc:2    | Bought a +2 hat for 272 gold pieces
 14976 | Lair:3   | Reached skill level 10 in Stealth
 14987 | Lair:3   | Found a gate leading to a gauntlet.
 15001 | Gauntlet | Entered a Gauntlet
 15001 | Gauntlet | Found a transporter.
 15001 | Gauntlet | Found a transporter.
 15017 | Gauntlet | Found a transporter.
 15021 | Gauntlet | Found a transporter.
 15035 | Gauntlet | Found a transporter.
 15039 | Gauntlet | Found a transporter.
 15052 | Gauntlet | Learned a level 4 spell: Anguish
 15058 | Gauntlet | Found a transporter.
 15080 | Gauntlet | Found a transporter.
 15084 | Gauntlet | Found a transporter.
 15086 | Gauntlet | Found a transporter.
 15097 | Gauntlet | Found a transporter.
 15101 | Gauntlet | Found a transporter.
 15288 | Gauntlet | Gained mutation: You sometimes lose your temper in combat.
                  | [a neqoxec]
 15298 | Gauntlet | Received a gift from Sif Muna
 15299 | Gauntlet | Got Zosaniell's Discourse on the Destructive Welkin {god
                  | gift}
 15311 | Gauntlet | Learned a level 4 spell: Summon Lightning Spire
 15316 | Gauntlet | Learned a level 4 spell: Sticky Flame
 15419 | Gauntlet | Identified the +2 helmet of Weirdness {Str+5}
 15445 | Gauntlet | Reached XP level 14. HP: 108/108 MP: 20/26
 15448 | Gauntlet | Reached skill level 10 in Invocations
 15461 | Gauntlet | Identified the -2 hat "Fasm" {rN++ rCorr Slay+2}
 15515 | Gauntlet | Got Husus's Parchment of Sculpting
 15525 | Gauntlet | Identified the +1 ring mail of the Vacuum {Regen+ Str+2
                  | Stlth+}
 15865 | Lair:3   | Found a glowing golden altar of the Shining One.
 15924 | Lair:3   | Found a staircase to the Shoals.
 17149 | Lair:5   | Entered Level 5 of the Lair of Beasts
 17385 | Lair:5   | Received a gift from Sif Muna
 17401 | Lair:5   | Reached skill level 12 in Spellcasting
 17434 | Lair:5   | Identified the amulet "Qidauwav" {Acrobat rF+}
 17734 | Lair:5   | Found a viscous altar of Jiyva.
 17735 | Lair:5   | Found a staircase to the Slime Pits.
 17782 | Lair:5   | Learned a level 4 spell: Dispel Undead
 17829 | Lair:5   | Reached skill level 10 in Fighting
 17829 | Lair:5   | Reached skill level 10 in Short Blades
 17829 | Lair:5   | Reached skill level 10 in Long Blades
 17829 | Lair:5   | Reached skill level 10 in Axes
 17829 | Lair:5   | Reached skill level 10 in Maces & Flails
 17829 | Lair:5   | Reached skill level 10 in Polearms
 17829 | Lair:5   | Reached skill level 10 in Staves
 17829 | Lair:5   | Reached skill level 10 in Ranged Weapons
 17829 | Lair:5   | Reached skill level 10 in Throwing
 17829 | Lair:5   | Reached skill level 10 in Armour
 17829 | Lair:5   | Reached skill level 10 in Shields
 17829 | Lair:5   | Reached skill level 10 in Unarmed Combat
 17829 | Lair:5   | Reached skill level 10 in Evocations
 18044 | Lair:5   | Reached XP level 15. HP: 82/115 MP: 28/28
 18285 | Lair:5   | Received a gift from Sif Muna
 18561 | Lair:5   | Found a corrupted altar of Lugonu.
 18561 | Lair:5   | Found a one-way gate to the infinite horrors of the Abyss.
 19751 | D:11     | Identified the +0 shortbow of Dithmenos, Scorching {flame,
                  | rN+ Int+4}
 19940 | D:12     | Noticed Frances
 19959 | D:12     | Killed Frances
 20020 | D:12     | Noticed Kirke
 20037 | D:12     | Killed Kirke
 20182 | D:12     | Noticed dziebel133's ghost (journeyman DECj)
 20191 | D:12     | Found a runed translucent gate.
 20191 | D:12     | Found a runed translucent gate.
 20191 | D:12     | Found a runed translucent gate.
 20225 | D:12     | Killed dziebel133's ghost
 20226 | D:12     | Reached skill level 10 in Transmutations
 20493 | D:12     | Noticed Lodul
 20508 | D:12     | Killed Lodul
 21190 | D:13     | Found a viscous altar of Jiyva.
 22032 | D:13     | Noticed a frost giant
 22248 | D:13     | Noticed a tengu reaver
 22268 | D:13     | HP: 2/104 [tengu reaver/bolt of poison (16)]
 22269 | D:13     | Killed from afar by a tengu reaver

Illustrated notes

Levels and vault maps discovered:
D:1:      heliophobic_arrival_dark_side_of_the_moon, layout_loops_ring,
          nicolae_ecumenical_snake_handling
D:2:      layout_loops_ring, serial_shops, shop_statue
D:3:      layout_rooms, mainiacjoe_overflow_concentric_impassable
D:4:      layout_rooms, lemuel_round_altar, mainiacjoe_overflow_cross_hatched,
          minmay_temple_entry_hall, gup_sewer_entry_glass
D:5:      minmay_diamond_boxcup, layout_basic,
          nicolae_uskayaw_murder_on_the_dancefloor, fedhas_altar_decomposition,
          nrook_uturn
D:6:      layout_gridville, lemuel_zombie_altar_kikubaaqudgha,
          kennysheep_generic_room_4
D:7:      layout_cave_pools
D:8:      layout_loops_ring, tgw_trog, lemuel_doored_altar,
          worldfamousw_hep_ancestral_shrine, enter_bailey_3
D:9:      layout_loops_ring, lightli_orcish_oven, uniq_maurice
D:10:     layout_basic, dpeg_lair_monsters, david_orc_2, serial_corexii_hall,
          chequers_hall_statues_corner_a, corexii_hall_statues_x, uniq_grum
D:11:     layout_irregular_city, nooodl_orcs_dogs
D:12:     layout_layer_cave, maelrawn_ghost_gauntlet_escape, nicolae_wwwww,
          uniq_frances, uniq_kirke, uniq_lodul
D:13:     thingy_vault, layout_cave_pods, jiyva_altar_1
Temple:   hellmonk_temple_divided_pantheon
Lair:1:   layout_chaotic_city, serial_bayou_lake_a
Lair:2:   layout_regular_city, nicolae_spider_entry_tight_spaces, minivault_23
Lair:3:   layout_cave_shapes, minmay_shoals_entry_hut, basic_altar,
          gauntlet_entry_generic, grunt_megastairs_1
Lair:4:   layout_layer_cave
Lair:5:   hellmonk_lair_end_abyssal_woods, layout_gridlike, slime_entry_1,
          grunt_megastairs_3
Orc:1:    nicolae_orc_accident_1, layout_diamond_mine, mines2_lemuel
Orc:2:    grunt_orc_tribal_feast, layout_caves, basic_altar

Skill      XL: |  1  2  3  4  5  6  7  8  9 10 11 12 13 14 15 |
---------------+----------------------------------------------+-----
Conjurations   | 2 3 4 5 6 7 8 9 |  9.4
Summonings     | 2 3 4 5 6 7 8 9 |  9.4
Translocations | 2 3 4 5 6 7 8 9 |  9.4
Invocations    | 1 2 3 4 5 6 7 8 9 10 11 | 11.8
Fighting       | 1 2 3 5 6 7 8 9 10 | 10.8
Short Blades   | 1 2 3 5 6 7 8 9 10 | 10.8
Long Blades    | 1 2 3 5 6 7 8 9 10 | 10.8
Axes           | 1 2 3 5 6 7 8 9 10 | 10.8
Maces & Flails | 1 2 3 5 6 7 8 9 10 | 10.8
Polearms       | 1 2 3 5 6 7 8 9 10 | 10.8
Staves         | 1 2 3 5 6 7 8 9 10 | 10.8
Ranged Weapons | 1 2 3 5 6 7 8 9 10 | 10.8
Throwing       | 1 2 3 5 6 7 8 9 10 | 10.8
Armour         | 1 2 3 5 6 7 8 9 10 | 10.8
Shields        | 1 2 3 5 6 7 8 9 10 | 10.8
Unarmed Combat | 1 2 3 5 6 7 8 9 10 | 10.8
Evocations     | 1 2 3 5 6 7 8 9 10 | 10.8
Hexes          | 1 2 3 4 5 6 7 8 9 |  9.1
Necromancy     | 1 2 3 4 5 6 7 8 9 |  9.1
Transmutations | 1 2 3 4 5 6 7 9 10 | 10.3
Fire Magic     | 1 2 3 4 5 6 7 8 9 |  9.1
Ice Magic      | 1 2 3 4 5 6 7 8 9 |  9.1
Air Magic      | 1 2 3 4 5 6 7 8 9 |  9.1
Earth Magic    | 1 2 3 4 5 6 7 8 9 |  9.1
Poison Magic   | 1 2 3 4 5 6 7 8 9 |  9.1
Dodging        | 5 6 7 8 9 10 11 | 11.7
Stealth        | 5 6 7 8 9 10 11 | 11.6
Spellcasting   | 8 9 10 11 12 | 12.9

Action                   |  1- 3 |  4- 6 |  7- 9 | 10-12 | 13-15 || total
-------------------------+-------+-------+-------+-------+-------++-------
Melee: Dagger            |    44 |       |       |       |       ||    44
       Bite              |    10 |    15 |    58 |    59 |   137 ||   279
       Spear             |    41 |   115 |       |       |       ||   156
       Staff             |    26 |    48 |       |       |       ||    74
       Punch             |     1 |     3 |    12 |     6 |       ||    22
       Morningstar       |       |    59 |   374 |   364 |       ||   797
       Rapier            |       |       |       |    38 |    23 ||    61
       Headbutt          |       |       |       |    71 |   233 ||   304
       Long sword        |       |       |       |    33 |   829 ||   862
 Fire: Sling             |       |       |     2 |     1 |       ||     3
Throw: Dart              |       |       |       |     4 |     3 ||     7
 Cast: Magic Dart        |     9 |       |       |       |       ||     9
       Call Imp          |     9 |    29 |     2 |     3 |       ||    43
       Blink             |     1 |     5 |     2 |    11 |    11 ||    30
       Mephitic Cloud    |       |     2 |     4 |    17 |     6 ||    29
       Wereblood         |       |       |    27 |    36 |    38 ||   101
       Frozen Ramparts   |       |       |       |    17 |     9 ||    26
       Vampiric Draining |       |       |       |     9 |     9 ||    18
       Confusing Touch   |       |       |       |     2 |     2 ||     4
       Olgreb's Toxic Ra |       |       |       |    40 |    45 ||    85
       Summon Lightning  |       |       |       |       |     8 ||     8
       Sticky Flame      |       |       |       |       |    15 ||    15
       Anguish           |       |       |       |       |     4 ||     4
       Polar Vortex      |       |       |       |       |     2 ||     2
       Dispel Undead     |       |       |       |       |     3 ||     3
Invok: Channel Magic     |       |       |       |     3 |     1 ||     4
       Divine Exegesis   |       |       |       |       |     2 ||     2
Evoke: Wand              |       |       |       |     1 |     2 ||     3
       Lightning rod     |       |       |       |       |     1 ||     1
       Phial of floods   |       |       |       |       |     1 ||     1
       Condenser vane    |       |       |       |       |     1 ||     1
  Use: Potion            |       |     2 |     4 |     3 |     8 ||    17
       Scroll            |       |     6 |    18 |     5 |     9 ||    38
 Stab: Sleeping          |     6 |     5 |     5 |     3 |    29 ||    48
       Confused          |       |     1 |     1 |     8 |     4 ||    14
       Distracted        |       |       |       |     2 |     4 ||     6
       Petrified         |       |       |       |       |     1 ||     1
Armor: Robe              |    30 |    21 |       |       |       ||    51
       Ring mail         |       |    82 |       |       |   176 ||   258
       Skin              |       |     1 |       |       |       ||     1
       Troll leather arm |       |    15 |   225 |   143 |    44 ||   427
Dodge: Dodged            |   107 |   219 |   507 |   406 |   587 ||  1826
Block: Buckler           |       |       |       |   152 |   279 ||   431

Table legend: (Time is in decaauts)
 A = Elapsed time spent in this place.
 B = Non-inter-level travel time spent in this place.
 C = Inter-level travel time spent in this place.
 D = Time resting spent in this place.
 E = Time spent auto-exploring this place.
 F = Levels seen in this place.
 G = Mean time per level.
                   A        B        C        D        E       F      G
               +--------+--------+--------+--------+--------+-----+--------+
         Total |  22476 |  21047 |   1429 |   1715 |  11270 |  24 |  936.5 |
       Dungeon |  13740 |  12790 |    950 |   1358 |   7017 |  13 | 1056.9 |
        Temple |     48 |     48 |      0 |      0 |      1 |   1 |   48.0 |
          Lair |   5243 |   4913 |    330 |    223 |   3050 |   5 | 1048.6 |
  Orcish Mines |   2330 |   2182 |    148 |     75 |   1104 |   2 | 1165.0 |
         Sewer |    294 |    294 |      0 |     47 |     31 |   1 |  294.0 |
        Bailey |    252 |    252 |      0 |      0 |     65 |   1 |  252.0 |
      Gauntlet |    567 |    567 |      0 |     11 |      0 |   1 |  567.0 |
               +--------+--------+--------+--------+--------+-----+--------+

Top non-repeatable levels by time:
  Lair:5: 1709 daAuts
    D:10: 1453 daAuts
     D:2: 1414 daAuts
   Orc:2: 1371 daAuts
     D:9: 1231 daAuts
    D:12: 1195 daAuts
  Lair:4: 1189 daAuts
     D:5: 1160 daAuts
    D:13: 1102 daAuts
     D:1: 1066 daAuts
  Lair:2: 1063 daAuts
     D:6: 983 daAuts
   Orc:1: 958 daAuts
    D:11: 947 daAuts
     D:3: 940 daAuts
